 Dungeon Crawl Stone Soup version 0.30-b1-2-g02819fbbbe (webtiles) character file.

Game seed: 7743274226520106062

74 LLlMATKO the Chopper (level 4, 0/61 HPs)
             Began as a Minotaur Berserker on Aug 8, 2023.
             Was a Believer of Trog.
             Killed from afar by Sigmund (11 damage)
             ... with a magic dart
             ... on level 2 of the Dungeon.
             The game lasted 00:00:40 (773 turns).

LLlMATKO the Chopper (Minotaur Berserker)            Turns: 773, Time: 00:00:41

Health: 0/61       AC:  2    Str: 24    XL:     4   Next: 9%
Magic:  3/3        EV: 12    Int:  4    God:    Trog [**....]
Gold:   53         SH:  0    Dex:  9    Spells: 3/3 levels left

rFire   . . .        k - +1 hand axe (venom)
rCold   . . .        (no shield)
rNeg    . . .        b - +0 animal skin
rPois   .            (helmet restricted)
rElec   .            (no cloak)
rCorr   .            (no gloves)
SInv    .            (no boots)
Will    .....        (no amulet) Stlth
                     (no ring)
HPRegen 0.30/turn    (no ring)
MPRegen 0.08/turn

%: no passive effects
@: berserking, very quick
A: horns 2, retaliatory headbutt
a: Renounce Religion, Berserk, Trog's Hand


You were on level 2 of the Dungeon.
You worshipped Trog.
Trog was pleased with you.
You visited 1 branch of the dungeon, and saw 2 of its levels.

You collected 53 gold pieces.

Inventory:

Hand Weapons
 k - a +1 hand axe of venom (weapon)
Armour
 b - a +0 animal skin (worn)
Scrolls
 d - a scroll of brand weapon {unknown}
 e - a scroll of teleportation {unknown}
 f - a scroll of noise {unknown}
 g - 3 scrolls of identify {unknown}
 i - 2 scrolls of enchant weapon {unknown}
 l - a scroll of fear {unknown}
Potions
 a - a potion of mutation {unknown}
 c - 2 potions of curing {unknown}
 h - a potion of ambrosia {unknown}
 j - a potion of heal wounds {unknown}


   Skills:
 + Level 4.3 Fighting
 + Level 4.3 Axes
 + Level 3.4 Armour
 + Level 3.0 Dodging


You had 3 spell levels left.
You didn't know any spells.
Your spell library was empty.

Dungeon Overview and Level Annotations

Branches:
Dungeon (2/15)

Altars:

Annotations:
D:2 Sigmund


Innate Abilities, Weirdness & Mutations

You have a pair of horns on your head.
You reflexively headbutt those who attack you in melee.


Message History

You kill the ball python!
Trog accepts your kill.
l - a scroll labelled TIPIPUCV VIUCK No target in view!
Sigmund the Dreaded comes into view.
He is wielding a +0 scythe.
Sigmund gestures wildly while chanting.
Sigmund flickers and vanishes!
Deactivating autopickup; reactivate with Ctrl-A.
No target in view!
There is a strange disturbance nearby!
No target in view!
There is a strange disturbance nearby!
No target in view!
There is a strange disturbance nearby!
No target in view!
No target in view!
No target in view!
Something hits you!
No target in view!
Something hits you!
You closely miss something.
No target in view!
You hit something but do no damage. Something hits you!
You barely miss something.
You hear some strange, mumbled words.
A magic dart appears from out of thin air!
The magic dart hits you.
* * * LOW HITPOINT WARNING * * *
You barely miss something.
A red film seems to cover your vision as you go berserk!
You feel yourself moving faster!
You feel mighty!
You hear some strange, mumbled words.
A magic dart appears from out of thin air!
The magic dart hits you.
* * * LOW HITPOINT WARNING * * *
You closely miss something.
You hear some strange, mumbled words.
A magic dart appears from out of thin air!
The magic dart hits you!
You die...

#.. #.#.#..# #.#
...######......# #.#
......†....#...# #.#
#..######......# #.# #.###..#
##.# # #.# #..# #..########.
#.# #..#
#............######.###..#
#..#######...{@..........#####
##.#.## #.#######...###.....#
##.###.## #.# #.#.# #.....#
#.## ##.####.# #.#.###.....#
.## ##.....# #.#...<.....#
#.#####.##.#.# #.####......#
##..##.###.#.# #.####.#......
##....##
#.†.#######......#..####
......## #...........###..#..#


There were no monsters in sight!

Vanquished Creatures
  Jessica (D:2)
  4 dart slugs
  4 bats
  4 endoplasms
  2 giant cockroaches
  5 goblins
  2 hobgoblins (D:1)
  3 jackals (D:1)
  2 quokkas (D:1)
  2 ball pythons (D:2)
  3 frilled lizards
  3 kobolds (D:1)
  A rat (D:1)
36 creatures vanquished.

Notes
Turn   | Place    | Note
-------+----------+-------------------------------------------
     0 | D:1      | LLlMATKO the Minotaur Berserker began the quest for the
                  | Orb.
     0 | D:1      | Reached XP level 1. HP: 19/19 MP: 0/0
    38 | D:1      | Reached XP level 2. HP: 16/27 MP: 1/1
   446 | D:1      | Reached XP level 3. HP: 33/33 MP: 2/2
   632 | D:2      | Reached ** piety under Trog
   665 | D:2      | Noticed Jessica
   669 | D:2      | Killed Jessica
   670 | D:2      | Reached XP level 4. HP: 32/40 MP: 3/3
   763 | D:2      | Noticed Sigmund
   773 | D:2      | Killed from afar by Sigmund

Illustrated notes

Levels and vault maps discovered:
D:1:      dpeg_arrival_rooms_a, layout_rooms
D:2:      layout_loops_ring, chequers_hall_statues_corner_a,
          columned_hall_lemuel, uniq_jessica, uniq_crazy_yiuf_cottage,
          uniq_sigmund

Skill      XL: |  1  2  3 |
---------------+----------+-----
Axes           | 4 |  4.3
Fighting       | 4 |  4.3
Armour         | 3 |  3.4
Dodging        | 3 |  3.0

Action                     |  1- 3 |  4- 6 || total
---------------------------+-------+-------++-------
  Melee: Hand axe          |    52 |     9 ||    61
         Headbutt          |     3 |     1 ||     4
         Punch             |     1 |       ||     1
 Invoke: Berserk           |       |     1 ||     1
 Armour: Animal skin       |     7 |       ||     7
  Dodge: Dodged            |    42 |     2 ||    44
